 Dungeon Crawl Stone Soup version 0.32-a0-17-gb74e046682 (webtiles) character file.

Game seed: 1646952804905821089

42 gelatine the Shooter (level 3, -3/28 HPs)
             Began as a Demonspawn Hunter on Jan 16, 2024.
             Slain by Terence
             ... wielding a +0 mace
              (10 damage)
             ... on level 2 of the Dungeon.
             The game lasted 00:01:31 (769 turns).

gelatine the Shooter (Demonspawn Hunter)             Turns: 769, Time: 00:01:31

Health: -3/28      AC:  3    Str: 11    XL:     3   Next: 33%
Magic:  3/3        EV: 17    Int:  9    God:
Gold:   41         SH:  0    Dex: 18    Spells: 2/2 levels left

rFire   . . .        a - +0 shortbow
rCold   . . .        (shield currently unavailable)
rNeg    . . .        c - +0 leather armour
rPois   .            (no helmet)
rElec   .            (no cloak)
rCorr   .            (no gloves)
SInv    .            (no boots)
Will    .....        (no amulet)
Stlth   ++           h - +5 ring of evasion
HPRegen 0.24/turn    (no ring)
MPRegen 0.08/turn

%: no passive effects
@: no status effects
A: hooves 1
a: no special abilities


You were on level 2 of the Dungeon.
You visited 1 branch of the dungeon, and saw 2 of its levels.

You collected 41 gold pieces.

Inventory:

Hand Weapons
 a - a +0 shortbow (weapon)
Armour
 c - a +0 leather armour (worn)
Jewellery
 h - a +5 ring of evasion (left hand)
Scrolls
 b - a scroll of butterflies
 d - a scroll of immolation {unknown}
 e - a scroll of blinking {unknown}
 f - a scroll of summoning {unknown}
Potions
 g - 2 potions of haste {unknown}
 i - a potion of attraction {unknown}


   Skills:
 + Level 2.4 Fighting
 + Level 4.3 Ranged Weapons
 + Level 0.3 Armour
 + Level 1.8 Dodging
 + Level 1.4 Stealth


You had 2 spell levels left.
You didn't know any spells.
Your spell library was empty.

Dungeon Overview and Level Annotations

Branches:
Dungeon (2/15)

Altars:

Annotations:
D:2 Terence


Innate Abilities, Weirdness & Mutations

You have large cloven feet.


Message History

Terence the Incautious comes into view.
He is wielding a +0 mace.
Found 4 boomerangs.
Terence shouts!
You shoot an arrow. The arrow completely misses Terence.
You shoot an arrow. The arrow hits Terence!
Terence is moderately wounded.
You shoot an arrow. The arrow closely misses Terence.
You shoot an arrow.
The arrow hits Terence but does no damage.
Terence is moderately wounded.
You shoot an arrow. The arrow hits Terence.
Terence is heavily wounded.
Terence hits you with a +0 mace!
You shoot an arrow.
The arrow hits Terence but does no damage.
Terence is heavily wounded.
Terence hits you with a +0 mace!
You are too injured to fight recklessly!
You are too injured to fight recklessly!
You are too injured to fight recklessly!
Fire: a) +0 shortbow
Press: ? - help, Q - select action Shift-Dir - straight line, f/p - Terence
Aim: Terence, wielding a +0 mace and wearing a +0 scale mail (heavily wounded, 68% to hit)
You shoot an arrow.
The arrow hits Terence but does no damage.
Terence is heavily wounded.
Terence barely misses you.
A goblin comes into view. It is wielding a +0 club.
Terence hits you with a +0 mace!
* * * LOW HITPOINT WARNING * * *
Fire: a) +0 shortbow
Press: ? - help, Q - select action Shift-Dir - straight line, f/p - Terence
Aim: Terence, wielding a +0 mace and wearing a +0 scale mail (heavily wounded, 68% to hit)
You shoot an arrow. The goblin shouts!
The arrow hits Terence.
Terence is severely wounded.
Terence hits you with a +0 mace!
You die...
Terence says, "Time to find some more victims."

.....######..##.#...#..#
#....# #..##.#...#..#
#....# #..#......#..#
#....# #..#<.#...#..#
#....+ #..##.#...#..#
+#..#......#..##
...............#
.........###.###
.g.....@.†...#
......@.###### ........#
........# .........
(........ .........
.........#


You could see Terence and a goblin.

Vanquished Creatures
  An adder (D:2)
  2 dart slugs
  2 ball pythons
  5 endoplasms
  2 giant cockroaches
  4 hobgoblins
  A bat (D:1)
  3 frilled lizards (D:1)
  5 kobolds
  2 rats (D:1)
27 creatures vanquished.

Notes
Turn   | Place    | Note
-------+----------+-------------------------------------------
     0 | D:1      | gelatine the Demonspawn Hunter began the quest for the Orb.
     0 | D:1      | Reached XP level 1. HP: 16/16 MP: 1/1
    34 | D:1      | Reached skill level 1 in Stealth
   131 | D:1      | Gained mutation: You have large cloven feet. [demonic
                  | ancestry]
   131 | D:1      | Reached XP level 2. HP: 22/22 MP: 2/2
   141 | D:1      | Reached skill level 4 in Ranged Weapons
   658 | D:2      | Reached XP level 3. HP: 28/28 MP: 3/3
   761 | D:2      | Noticed Terence
   769 | D:2      | Slain by Terence

Illustrated notes

Levels and vault maps discovered:
D:1:      amcnicky_arrival_single_pillar, layout_loops_ring
D:2:      layout_basic, uniq_terence

Skill      XL: |  1  2 |
---------------+-------+-----
Stealth        | 1 |  1.4
Ranged Weapons | 4 |  4.3
Fighting       | |  2.4
Armour         | |  0.3
Dodging        | |  1.8

Action                     || total
---------------------------++-------
   Fire: Shortbow          ||    86
 Armour: Leather armour    ||    13
  Dodge: Dodged            ||    28

Table legend: (Time is in decaauts)
 A = Elapsed time spent in this place.
 B = Non-inter-level travel time spent in this place.
 C = Inter-level travel time spent in this place.
 D = Time resting spent in this place.
 E = Time spent auto-exploring this place.
 F = Levels seen in this place.
 G = Mean time per level.
                   A        B        C        D        E       F      G
               +--------+--------+--------+--------+--------+-----+--------+
         Total |    788 |    763 |     25 |      0 |    614 |   2 |  394.0 |
       Dungeon |    788 |    763 |     25 |      0 |    614 |   2 |  394.0 |
               +--------+--------+--------+--------+--------+-----+--------+

Top non-repeatable levels by time:
     D:1: 626 daAuts
     D:2: 161 daAuts
